 Dungeon Crawl Stone Soup version 0.31.0-1-g2c135a008e (webtiles) character file.

Game seed: 4527754063593775847

196 qw the Shooter (level 6, 0/46 HPs)
             Began as a Djinni Hunter on Jan 23, 2024.
             Slain by a black bear (10 damage)
             ... on level 4 of the Dungeon.
             The game lasted 00:00:08 (1952 turns).

qw the Shooter (Djinni Hunter)                      Turns: 1952, Time: 00:00:09

Health: 0/46       AC:  7    Str: 10    XL:     6   Next: 4%
Gold:   127        EV: 11    Int: 11    God:
                   SH:  0    Dex: 18

rFire   + + +        a - +0 shortbow
rCold   . . .        (shield currently unavailable)
rNeg    . . .        f - +0 ring mail
rPois   inf          (no helmet)
rElec   +            (no cloak)
rCorr   +            i - +1 pair of gloves
SInv    .            (boots unavailable)
Will    .....        (no amulet)
Stlth   +            (no ring)
HPRegen 0.27/turn    (no ring)
MPRegen 0.00/turn

%: infuse magic (-1 HP)
@: resistant, flying
A: sickness immunity, fire resistance 2, cold vulnerability 1, float, innate
caster, HP casting, extra vitality 1
a: no special abilities


You were on level 4 of the Dungeon.
You visited 1 branch of the dungeon, and saw 4 of its levels.

You collected 127 gold pieces.


Innate Abilities, Weirdness & Mutations

You are immune to sickness and miasma.
You are immune to poison.
Your flesh is very heat resistant. (rF++)
You are vulnerable to cold. (rC-)
You float through the air rather than walking.
You learn spells naturally, not from books.
Your magical power is your life essence.
You have superior vitality. (+4 MHP)


   Skills:
 - Level 3.0 Fighting
 - Level 5.0 Ranged Weapons
 - Level 1.0 Armour
 + Level 2.8 Dodging
 - Level 0.7 Stealth


You knew the following spells:

 Your Spells              Type           Power      Damage    Failure   Level
a - Shock                 Conj/Air       0%         1d3       65%         1
b - Ensorcelled Hibernat  Hex/Ice        0%         N/A       80%         2
Your spell library was empty.

Inventory:

Hand Weapons
 a - a +0 shortbow (weapon)
Armour
 f - a +0 ring mail (worn)
 i - a +1 pair of gloves (worn)
Potions
 b - a potion of resistance
 e - a potion of haste
 g - 3 potions of curing
 j - a potion of brilliance {unknown}

Dungeon Overview and Level Annotations

Branches:
Dungeon (4/15)
 Temple: D:4-7

Altars:
Fedhas
Xom

Annotations:
D:3 1 runed translucent door, Crazy Yiuf
D:4 exclusion: black bear


Message History

The arrow hits the black bear but does no damage.
The black bear is almost dead.
You shoot an arrow. The arrow hits the black bear.
The black bear is almost dead.
You shoot an arrow.
The arrow hits the black bear but does no damage.
The black bear is almost dead.
The black bear closely misses you.
The black bear claws you but does no damage.
The black bear barely misses you. The black bear bites you!
The black bear claws you but does no damage.
The black bear claws you.
You shoot an arrow.
The arrow hits the black bear but does no damage.
The black bear is almost dead.
The black bear bites you. The black bear barely misses you.
The black bear claws you but does no damage.
The black bear barely misses you. The black bear claws you.
The black bear closely misses you.
You shoot an arrow. The arrow hits the black bear.
The black bear is almost dead.
The black bear barely misses you. The black bear misses you.
The black bear claws you. The black bear bites you!
The black bear claws you but does no damage.
The black bear barely misses you.
You shoot an arrow.
The arrow closely misses the black bear.
The black bear closely misses you.
The black bear claws you but does no damage.
The black bear barely misses you.
The black bear bites you but does no damage.
The black bear claws you. The black bear closely misses you.
Enter note:
1951 ||| DRINKING 2 smoky pink potions.
It was a potion of resistance.
You feel protected. The black bear bites you! The black bear claws you. x2
Enter note:
Enter note: The black bear bites you!
You die...

~~~~ ~~~~ .~~~
~.~~.~~.... ....~. .~~~
~~~~~~~~~~~ ~~~~~ ..~7
7~~~7 7~.~7 ~.~7 .~~7
7~.~7 7~~~7 ~.~7
..~777~.~777~.~777~~~777~
..~~~~~.~~~~~~~~~~~.~~~~~
..~~.~~~.~~~..~~@h.~..~~.
%%~~~~~.~~~~~.~~~~~~~~~~~
#)~777~~~777~.~777~.~777~
.~~7 7~.~7 7~~~7 ~.~7
.~~777~.~777~~~777~~~7
>~~~~~~~~~~~~%~~~~~~~~~
.~~..~~~..~..).~~.)~..~~
.~~~~~~.~~~~~~~~~~~.~~~~~
.~~777~~~777~~~777~.~777~


You could see a black bear (berserk).

Vanquished Creatures
  A jelly (D:3)
  Jessica (D:3)
  7 adders
  2 dart slugs (D:1)
  2 orcs (D:3)
  5 endoplasms
  11 goblins
  6 hobgoblins
  7 kobolds
  5 quokkas
  6 ball pythons
  7 bats
  2 frilled lizards
  6 rats
68 creatures vanquished.

Notes
Turn   | Place    | Note
-------+----------+-------------------------------------------
     0 | D:1      | qw the Djinni Hunter began the quest for the Orb.
     0 | D:1      | Reached XP level 1. HP: 18/18 MP: 0/0
     0 | D:1      | 0 ||| qw: Version: 0.3-a-135-gb77e89d
     0 | D:1      | 0 ||| qw: Game counter: 863
     0 | D:1      | 0 ||| qw: Melee chars always use a shield: true
     0 | D:1      | 0 ||| qw: God list: Okawaru
     0 | D:1      | 0 ||| qw: Allow faded altars: false
     0 | D:1      | 0 ||| qw: Do Orc after clearing Dungeon:15 true
     0 | D:1      | 0 ||| qw: Do second Lair branch before Depths: true
     0 | D:1      | 0 ||| qw: Lair rune preference: random
     0 | D:1      | 0 ||| qw: Goals: Normal
     0 | D:1      | 0 ||| PLANNING D:1-11
    31 | D:1      | Reached XP level 2. HP: 11/23 MP: 0/0
    35 | D:1      | HP: 5/23 [rat (1)]
   211 | D:1      | Reached XP level 3. HP: 28/28 MP: 0/0
   211 | D:1      | Learned a level 1 spell: Shock
   219 | D:1      | Reached skill level 4 in Ranged Weapons
   570 | D:1      | 570 ||| UPGRADING to +0 ring mail.
   580 | D:1      | 580 ||| DROPPING +0 leather armour.
   581 | D:1      | 581 ||| UPGRADING to +0 pair of gloves.
   586 | D:1      | 586 ||| READING 5 scrolls labelled KUOTHR VYAKK.
   586 | D:1      | 586 ||| IDENTIFYING coppery potion
   587 | D:1      | 587 ||| READING 4 scrolls of identify.
   587 | D:1      | 587 ||| IDENTIFYING scroll labelled QEFANAI GUBYI
   588 | D:1      | 588 ||| READING 3 scrolls of identify.
   588 | D:1      | 588 ||| IDENTIFYING 2 scrolls labelled WUNOTU ZOMOPP
   589 | D:1      | 589 ||| DROPPING scroll of butterflies.
   590 | D:1      | 590 ||| DROPPING scroll of amnesia.
   591 | D:1      | 591 ||| DROPPING 2 scrolls of fog.
   811 | D:2      | Reached skill level 1 in Armour
   819 | D:2      | Reached XP level 4. HP: 27/34 MP: 0/0
   860 | D:2      | Reached skill level 3 in Fighting
  1061 | D:2      | 1061 ||| READING 2 scrolls of identify.
  1061 | D:2      | 1061 ||| IDENTIFYING fuming brown potion
  1062 | D:2      | 1062 ||| READING scroll of identify.
  1062 | D:2      | 1062 ||| IDENTIFYING lumpy ruby potion
  1063 | D:2      | 1063 ||| READING scroll labelled LOKKIABISU.
  1063 | D:2      | 1063 ||| ENCHANTING +0 pair of gloves.
  1064 | D:2      | 1064 ||| READING scroll labelled JAAC BIERA.
  1065 | D:2      | 1065 ||| DROPPING potion of lignification.
  1116 | D:3      | Reached XP level 5. HP: 40/40 MP: 0/0
  1116 | D:3      | Learned a level 2 spell: Ensorcelled Hibernation
  1121 | D:3      | Found a shimmering altar of Xom.
  1169 | D:3      | Found a blossoming altar of Fedhas.
  1424 | D:3      | Noticed Jessica
  1426 | D:3      | Killed Jessica
  1475 | D:3      | Reached skill level 5 in Ranged Weapons
  1510 | D:3      | Found a runed translucent door.
  1511 | D:3      | Noticed Crazy Yiuf
  1810 | D:3      | 1810 ||| READING scroll labelled QOIZ BUKAHOURO.
  1905 | D:4      | Reached XP level 6. HP: 43/46 MP: 0/0
  1929 | D:4      | Noticed a black bear
  1951 | D:4      | 1951 ||| DRINKING 2 smoky pink potions.
  1951 | D:4      | HP: 9/46 [black bear (3)]
  1952 | D:4      | Slain by a black bear

Levels and vault maps discovered:
D:1:      roderic_chinese_lattice_arrival, layout_rooms, minmay_close_crescents
D:2:      layout_basic, grunt_decor_fettered, ebering_dispersal_statue_hall
D:3:      layout_loops_cross, fedhas_altar_4, dk_xom_monty_hall, uniq_jessica,
          uniq_crazy_yiuf_cottage
D:4:      layout_rooms, mainiacjoe_overflow_alcove_1, kennysheep_boxes

Skill      XL: |  1  2  3  4  5 |
---------------+----------------+-----
Ranged Weapons | 4 5 |  5.0
Armour         | 1 |  1.0
Fighting       | 3 |  3.0
Dodging        | |  2.8
Stealth        | |  0.7

Action                     |  1- 3 |  4- 6 || total
---------------------------+-------+-------++-------
   Fire: Shortbow          |    91 |   115 ||   206
    Use: Scroll            |     3 |     5 ||     8
         Potion            |       |     1 ||     1
 Armour: Leather armour    |    25 |       ||    25
         Ring mail         |    10 |    39 ||    49
  Dodge: Dodged            |    44 |    42 ||    86

Table legend:
 A = Non-vault XP
 B = Vault XP
 C = Vault XP percentage of total XP
 D = Non-vault monster count
 E = Vault monster count
 F = Vault count percentage of total count
                 A         B        C        D         E       F
            +---------+---------+-------+---------+---------+-------
      Total |     192 |      88 |  31.4 |      62 |       6 |   8.8
            +---------+---------+-------+---------+---------+-------
        D:1 |      34 |       8 |  19.0 |      19 |       4 |  17.4
        D:2 |      65 |       0 |   0.0 |      17 |       0 |   0.0
        D:3 |      54 |      80 |  59.7 |      17 |       2 |  10.5
        D:4 |      39 |       0 |   0.0 |       9 |       0 |   0.0
            +---------+---------+-------+---------+---------+-------
